 Dungeon Crawl Stone Soup version 0.23-a0-49-gd9f7a49 (webtiles) character file.

2 Amnesiac the Magician (level 1, 0/13 HPs)
             Began as a Mummy Air Elementalist on Aug 7, 2018.
             Slain by a bat (1 damage)
             ... on level 1 of the Dungeon.
             The game lasted 00:00:29 (71 turns).

Amnesiac the Magician (Mummy Air Elementalist)        Turns: 71, Time: 00:00:30

Health: 0/13       AC:  2    Str: 11    XL:     1   Next: 25%
Magic:  4/4        EV: 12    Int: 14    God:
Gold:   19         SH:  0    Dex: 12    Spells: 4/5 levels left

rFire    x . .     SeeInvis .   (no weapon)
rCold    + . .     Gourm    .   (no shield)
rNeg     + + +     Faith    .   a - +0 robe
rPois    ∞         Spirit   .   (no helmet)
rElec    .         Reflect  .   (no cloak)
rCorr    .         Harm     .   (no gloves)
MR       .....                  (no boots)
Stlth    ++........             (no amulet)
HPRegen  0.04/turn              (no ring)
MPRegen  0.09/turn              (no ring)

@: no status effects
A: no food or potions, fire vulnerability, cold resistance 1, negative energy
resistance 3, torment resistance, unbreathing
a: no special abilities


You were on level 1 of the Dungeon.
You were not hungry.

You visited 1 branch of the dungeon, and saw 1 of its levels.

You collected 19 gold pieces.

Inventory:

Armour
 a - a +0 robe (worn)
Scrolls
 b - a scroll of fog {!r, unknown}


   Skills:
 - Level 1.5 Dodging
 - Level 1.5 Stealth
 - Level 2.6 Spellcasting
 - Level 0.7 Conjurations
 + Level 2.5 Air Magic


You had 4 spell levels left.
You knew the following spells:

 Your Spells              Type           Power        Failure   Level  Hunger
w - Shock                 Conj/Air       #...         12%         1    N/A

Your spell library contained the following spells:

 Spells                   Type           Power        Failure   Level  Hunger
 Lightning Bolt           Conj/Air       #.........   97%         5    N/A
 Swiftness                Chrm/Air       #.......     21%         2    N/A
 Airstrike                Air            #.........   61%         4    N/A
 Static Discharge         Conj/Air       #.......     34%         3    N/A

Dungeon Overview and Level Annotations

Branches:
Dungeon (1/15)

Altars:


Innate Abilities, Weirdness & Mutations

You do not eat or drink.
Your flesh is vulnerable to fire.
You are immune to poison.
Your flesh is cold resistant. (rC+)
You are immune to negative energy. (rN+++)
You are immune to unholy pain and torment.
You can survive without breathing.


Message History

A rat comes into view.
Found a scroll labeled QESERU MAANOSH.
A rat is nearby!
A rat is nearby!
Found an escape hatch in the floor.
A rat and a goblin come into view.
You hit the rat but do no damage. The rat bites you but does no damage.
You hit the rat.
The rat is heavily wounded.
The rat bites you.
You hit the rat.
You kill the rat!
A frilled lizard comes into view.
You closely miss the rat. The rat bites you but does no damage.
You hit the rat.
The rat is severely wounded.
The rat closely misses you.
You hit the rat.
You kill the rat!
No target in view!
A kobold comes into view. It is wielding a dagger.
Found a scroll labeled FOGUSIMMAI.
Found 22 stones.
You see here a scroll labeled QESERU MAANOSH {!r}.
b - a scroll labeled QESERU MAANOSH {!r} A goblin comes into view.
It is wielding a club.
A bat and a rat come into view.
The goblin shouts!
The rat moves out of view.
The kobold hits you with a dagger. The bat misses you.
The bat hits you but does no damage. The kobold misses you.
The bat barely misses you. The kobold barely misses you.
The bat closely misses you. The bat barely misses you.
You swing at nothing.
The bat barely misses you. The bat hits you but does no damage.
The bat hits you but does no damage. The bat hits you but does no damage.
The bat completely misses you.
You closely miss the bat. The bat closely misses you.
You miss the bat. The bat hits you. The bat hits you but does no damage.
The bat hits you but does no damage.
You barely miss the goblin. The bat hits you. The goblin barely misses you.
You hit the goblin but do no damage. The bat barely misses you.
The goblin misses you.
You hit the goblin but do no damage. The bat barely misses you.
The goblin hits you with a club.
You closely miss the goblin. The bat closely misses you.
The goblin hits you with a club.
* * * LOW HITPOINT WARNING * * *
You barely miss the goblin. The bat barely misses you.
The goblin barely misses you.
You hit the goblin.
The goblin is heavily wounded.
The bat closely misses you. The goblin misses you.
You barely miss the goblin.
The goblin is heavily wounded.
The bat hits you but does no damage. The goblin hits you with a club.
* * * LOW HITPOINT WARNING * * *
You barely miss the goblin.
The goblin is heavily wounded.
The bat hits you.
You die...

..........###.......# l
#...(.................>
#......#.g.K.##########
#......##....K###### #
###.... #..##......# ..
#..## ####.......#.#
#.. ####........... #.
#.g.......#####
#@b.......#####
##.............#
#8............##
#<.........####
#8..........#
##.....##....# #.(..##
.##..# #....# .# #.#
####.....# .#


You could see a goblin and a bat.

Vanquished Creatures
  3 rats (D:1)
3 creatures vanquished.

Notes
Turn   | Place    | Note
-------+----------+-------------------------------------------
     0 | D:1      | Amnesiac the Mummy Air Elementalist began the quest for the Orb.
     0 | D:1      | Reached XP level 1. HP: 13/13 MP: 4/4
    71 | D:1      | Slain by a bat

Vault maps used:
D:1:      mrwooster_arrival_statue

Action                   || total
-------------------------++-------
Melee: Unarmed           ||    17
Armor: Robe              ||     9
Dodge: Dodged            ||    19

Table legend:
 A = Spawn XP
 B = Non-spawn XP
 C = Spawn XP percentage of total XP
 D = Spawn monster count
 E = Non-spawn monster count
 F = Spawn count percentage of total count
 G = Total turns spent on level
                    A         B        C        D         E        F      G
               +---------+---------+-------+---------+---------+-------+---------
         Total |       0 |       3 |   0.0 |       0 |       3 |   0.0 |    71
               +---------+---------+-------+---------+---------+-------+---------
           D:1 |       0 |       3 |   0.0 |       0 |       3 |   0.0 |    71
               +---------+---------+-------+---------+---------+-------+---------
